Login

Montreal Canadiens vs Carolina Hurricanes

Created - 23 April 2024 at 23:04

Goals
1 2 3 T
Montreal Canadiens 0 2 4 6
Carolina Hurricanes 1 0 0 1
Shots
1 2 3 T
Montreal Canadiens 9 9 24 42
Carolina Hurricanes 16 8 6 30

GoalsPenalties
1st period
1. Carolina Hurricanes , David Krejci 7 (Martin Necas 12) at 15:59
No Penalty
2nd period
2. Montreal Canadiens , Rafael Harvey-Pinard 6 (Mike Matheson 14, David Savard 6) at 6:51
3. Montreal Canadiens , Derick Brassard 7 (Sean Monahan 6, Mike Matheson 15) at 13:16 (PP)
Dmitry Orlov (CAR) for Hooking (Minor) at 3:08
Andrei Svechnikov (CAR) for Hooking (Minor) at 13:11
Nick Suzuki (MTL) for Interference (Minor) at 13:36
3rd period
4. Montreal Canadiens , Josh Anderson 6 (Derick Brassard 8, Mike Matheson 16) at 0:46 (PP)
5. Montreal Canadiens , Josh Bailey 4 (Rafael Harvey-Pinard 5, Vladislav Namestnikov 2) at 4:51
6. Montreal Canadiens , Sean Monahan 4 (Mike Matheson 17, David Savard 7) at 8:53 (PP)
7. Montreal Canadiens , Cole Caufield 10 (Kirby Dach 11, David Savard 8) at 15:17 (PP)
Will Borgen (CAR) for Delaying the game (Minor) at 0:33
Kevin Shattenkirk (CAR) for Delaying the game (Minor) at 2:14
Brady Skjei (CAR) for High sticking (Minor) at 6:04
Jesperi Kotkaniemi (CAR) for Interference (Minor) at 8:41
Martin Necas (CAR) for Slashing (Minor) at 11:43
Brent Burns (CAR) for Tripping (Minor) at 14:44
Brent Burns (CAR) for Slashing (Minor) at 17:33
Goalie Stats
Sam Montembeault (MTL), 29 saves from 30 shots - (0.967), W, 2-0-0, 60:00 minutes
Frederik Andersen (CAR), 36 saves from 42 shots - (0.857), L, 2-7-0, 60:00 minutes
3 StarsOfficial
1 - Mike Matheson (MTL)
2 - David Savard (MTL)
3 - Derick Brassard (MTL)
Referees : Graham Skilliter and Chris Lee
Linesman : Steve Miller and Brian Mach
Game Note
No Game Note
Finance
Level 1 -- Attendance: 5313 (88.55%) -- Ticket Income $531,300
Level 2 -- Attendance: 4253 (85.06%) -- Ticket Income $255,180
Level 3 -- Attendance: 1516 (75.80%) -- Ticket Income $53,060
Level 4 -- Attendance: 3068 (76.70%) -- Ticket Income $76,700
Luxury Box -- Attendance: 951 (95.10%) -- Ticket Income $190,200
Game was played at the PNC Arena.
Total Attendance: 15101 (83.89%)
Total Ticket Income: $1,106,440
Other Income: $542,156
Total Income: $1,648,596



Team Name Goals Shots Shots Attemp Shots Blocked PIM HIT PP PK FO%
Montreal Canadiens 64274122224 / 9 (44%)045%
Carolina Hurricanes 13060918170 / 1 (0%)455%

Montreal Canadiens
Player Name POS G A P +/- PIM HIT SHT SB MP PP MP PP SHT PK MP PK SHT FO% FOT GA TA
Alex NewhookLW000-1010017:574:3400:1500% 000
Alexander EdlerD000-1042021:173:5400:4000% 001
Cole CaufieldRW101-1013117:394:3420:0000% 110
David SavardD0331022326:077:0411:1900% 001
Derick BrassardC1122013020:316:2121:05033% 600
Joel ArmiaRW000001006:360:0100:0000% 000
Johnathan KovacevicD0001010013:550:0001:1900% 000
Jordan HarrisD000000000:500:0000:0000% 000
Josh AndersonRW1010012121:426:2311:0000% 200
Josh BaileyRW1012003013:010:0000:0000% 100
Kaiden GuhleD0001011012:360:0000:0000% 001
Kirby DachC011-1022118:324:3510:50037% 1901
Matt BenningD000-1022321:173:5400:4000% 001
Mike MathesonD0441005023:587:0440:0000% 001
Nick SuzukiC0000235220:520:0000:00053% 1900
Rafael Harvey-PinardLW1122003013:480:0300:4400% 100
Sean MonahanC1120017020:496:2330:04064% 1401
Vladislav NamestnikovC011001216:330:0000:00050% 400
Carolina Hurricanes
Player Name POS G A P +/- PIM HIT SHT SB MP PP MP PP SHT PK MP PK SHT FO% FOT GA TA
Alex TuchRW0000014022:161:0607:0700% 110
Andrei SvechnikovLW0000213014:530:5300:000100% 110
Brady SkjeiD0000202218:270:4801:2400% 000
Brent BurnsD0001412223:151:1105:4400% 000
David KrejciC1011034122:140:5307:00253% 3200
Dmitry OrlovD0000210022:081:1106:4000% 000
Eeli TolvanenRW000-1002011:500:0000:000100% 100
Jesperi KotkaniemiC000-1211011:490:0000:00050% 610
Jordan MartinookLW000-101209:550:0003:0610% 000
Jordan StaalC000-101006:490:0000:000100% 200
Kevin ShattenkirkD000-2211218:240:4800:4800% 010
Martin NecasRW0111203015:130:5300:0000% 110
Mason LohreiD000-1000018:090:0001:3300% 000
Sebastian C AhoC0000002018:111:0603:06057% 2100
Seth JarvisLW000-1011012:350:0000:4200% 020
Stefan NoesenRW000-100207:480:0000:5500% 000
Teuvo TeravainenLW0001031015:221:0600:00050% 201
Will BorgenD0000220219:350:0005:4700% 000

Montreal Canadiens

5 vs 5 Forward
Line #Left WingCenterRight WingPHYDFOFWanted %Time %Time Play
1Sean MonahanNick SuzukiJosh Anderson1134231%14:24
2Alex NewhookKirby DachCole Caufield2123228%13:05
3Rafael Harvey-PinardDerick BrassardJosh Bailey2212028%13:01
4Nick SuzukiVladislav NamestnikovJoel Armia131614%6:33
5 vs 5 Defense
Line #DefenseDefensePHYDFOFWanted %Time %Time Play
1Mike MathesonDavid Savard1223636%16:54
2Matt BenningAlexander Edler2213636%16:43
3Johnathan KovacevicKaiden Guhle2302827%12:36
4Jordan HarrisDavid Savard12202%0:50
Power Play Forward
Line #Left WingCenterRight WingPHYDFOFWanted %Time %Time Play
1Derick BrassardSean MonahanJosh Anderson1046358%6:24
2Alex NewhookKirby DachCole Caufield0233742%4:34
Power Play Defense
Line #DefenseDefensePHYDFOFWanted %Time %Time Play
1Mike MathesonDavid Savard1226364%7:04
2Matt BenningAlexander Edler1223736%3:54
Penalty Kill 4 Players Forward
Line #CenterWingPHYDFOFWanted %Time %Time Play
1Derick BrassardJosh Anderson1406091%1:48
2Kirby DachAlex Newhook140409%0:11
Penalty Kill 4 Players Defense
Line #DefenseDefensePHYDFOFWanted %Time %Time Play
1Johnathan KovacevicDavid Savard2306066%1:19
2Matt BenningAlexander Edler2304034%0:40
Penalty Kill 3 Players
Line #WingPHYDFOFWanted %Time %Time PlayDefenseDefensePHYDFOFWanted %Time %Time Play
1Josh Anderson140560%0:00 Johnathan KovacevicDavid Savard140570%0:00
2Kirby Dach140440%0:00 Matt BenningAlexander Edler140430%0:00
4 vs 4 Forward
Line #CenterWingPHYDFOFWanted %Time %Time Play
1Derick BrassardJosh Anderson122630%0:00
2Kirby DachAlex Newhook113370%0:00
4 vs 4 Defense
Line #DefensePHYDFOFWanted %Time %Time Play
1Mike MathesonDavid Savard221630%0:00
2Matt BenningAlexander Edler221370%0:00
Last Minutes Offensive
Left WingCenterRight WingDefenseDefense
Sean MonahanNick SuzukiJosh AndersonMike MathesonDavid Savard
Last Minutes Defensive
Left WingCenterRight WingDefenseDefense
Sean MonahanNick SuzukiJosh AndersonMike MathesonDavid Savard
Time
Total ForwardTotal DefenseLast Minutes OffensiveLast Minutes Defensive
60:00 60:00 0:000:00
Extra Forwards
Normal PowerPlayPenalty Kill
Derick Brassard, Kirby Dach, Sean MonahanDerick Brassard, Josh AndersonDerick Brassard
Extra Defensemen
Normal PowerPlayPenalty Kill
Alexander Edler, Johnathan Kovacevic, Kaiden GuhleAlexander Edler, Alexander EdlerJohnathan Kovacevic
Penalty Shots
Sean Monahan, Kirby Dach, Josh Anderson, Cole Caufield, Derick Brassard
Goalie
Sam Montembeault, Jake Allen
Custom OT Lines Forwards
Nick Suzuki, Kirby Dach, Josh Anderson, Cole Caufield, Derick Brassard, Rafael Harvey-Pinard, Sean Monahan, Josh Bailey, Vladislav Namestnikov, Alex Newhook
Custom OT Lines Defensemen
Kaiden Guhle, David Savard, Matt Benning, Alexander Edler, Johnathan Kovacevic
Scratches
Christian Dvorak (Sore Right Knee Injury), Gustav Lindstrom (Healthy), Michael Pezzetta (Healthy), Dylan Ferguson (Healthy)

Carolina Hurricanes

5 vs 5 Forward
Line #Left WingCenterRight WingPHYDFOFWanted %Time %Time Play
1Andrei SvechnikovSebastian C AhoAlex Tuch1223530%14:06
2Teuvo TeravainenDavid KrejciMartin Necas1133530%14:18
3Seth JarvisJesperi KotkaniemiEeli Tolvanen1222025%11:50
4Jordan MartinookJordan StaalStefan Noesen2301014%6:49
5 vs 5 Defense
Line #DefenseDefensePHYDFOFWanted %Time %Time Play
1Brent BurnsBrady Skjei1223536%17:04
2Mason LohreiKevin Shattenkirk1403535%16:23
3Dmitry OrlovWill Borgen2303029%13:36
4Will BorgenBrent Burns12200%0:00
Power Play Forward
Line #Left WingCenterRight WingPHYDFOFWanted %Time %Time Play
1Teuvo TeravainenSebastian C AhoAlex Tuch1226055%1:06
2Andrei SvechnikovDavid KrejciMartin Necas1224045%0:53
Power Play Defense
Line #DefenseDefensePHYDFOFWanted %Time %Time Play
1Brent BurnsDmitry Orlov1226060%1:11
2Brady SkjeiKevin Shattenkirk1224040%0:48
Penalty Kill 4 Players Forward
Line #CenterWingPHYDFOFWanted %Time %Time Play
1David KrejciAlex Tuch1226072%7:52
2Sebastian C AhoJordan Martinook1224028%3:06
Penalty Kill 4 Players Defense
Line #DefenseDefensePHYDFOFWanted %Time %Time Play
1Brent BurnsDmitry Orlov1226074%8:09
2Brady SkjeiWill Borgen1224026%2:49
Penalty Kill 3 Players
Line #WingPHYDFOFWanted %Time %Time PlayDefenseDefensePHYDFOFWanted %Time %Time Play
1David Krejci122600%0:00 Brent BurnsDmitry Orlov122600%0:00
2Sebastian C Aho122400%0:00 Brady SkjeiWill Borgen122400%0:00
4 vs 4 Forward
Line #CenterWingPHYDFOFWanted %Time %Time Play
1David KrejciMartin Necas122600%0:00
2Sebastian C AhoAndrei Svechnikov122400%0:00
4 vs 4 Defense
Line #DefensePHYDFOFWanted %Time %Time Play
1Brent BurnsDmitry Orlov122600%0:00
2Brady SkjeiWill Borgen122400%0:00
Last Minutes Offensive
Left WingCenterRight WingDefenseDefense
Teuvo TeravainenSebastian C AhoAlex TuchBrent BurnsDmitry Orlov
Last Minutes Defensive
Left WingCenterRight WingDefenseDefense
Teuvo TeravainenSebastian C AhoAlex TuchBrent BurnsDmitry Orlov
Time
Total ForwardTotal DefenseLast Minutes OffensiveLast Minutes Defensive
60:00 60:00 0:000:00
Extra Forwards
Normal PowerPlayPenalty Kill
Martin Necas, Seth Jarvis, Stefan NoesenEeli Tolvanen, Jordan StaalStefan Noesen
Extra Defensemen
Normal PowerPlayPenalty Kill
Will Borgen, Kevin Shattenkirk, Brent BurnsBrady Skjei, Will BorgenDmitry Orlov
Penalty Shots
Alex Tuch, Sebastian C Aho, Martin Necas, Andrei Svechnikov, Eeli Tolvanen
Goalie
Frederik Andersen, Antti Raanta
Custom OT Lines Forwards
Alex Tuch, Sebastian C Aho, Stefan Noesen, Andrei Svechnikov, Martin Necas, Teuvo Teravainen, Jesperi Kotkaniemi, Seth Jarvis, Jordan Staal, Jordan Martinook
Custom OT Lines Defensemen
Brent Burns, Dmitry Orlov, Brady Skjei, Kevin Shattenkirk, Will Borgen
Scratches
Brett Pesce (Back Spasms Injury), Pyotr Kochetkov (Healthy)


Play-by-Play

1st period


0:01 of 1st period - Sebastian C Aho wins face-off versus Nick Suzuki in neutral zone.
0:16 of 1st period - Snap shot by Alex Tuch.
0:16 of 1st period - Shot Misses the Net.
1:00 of 1st period - Wrist shot by Eeli Tolvanen.
1:00 of 1st period - Stopped by Sam Montembeault with a rebound.
1:14 of 1st period - Wrist shot by Josh Bailey.
1:14 of 1st period - Stopped by Frederik Andersen with a rebound.
1:16 of 1st period - Backhand shot by David Savard.
1:16 of 1st period - Stopped by Frederik Andersen without a rebound.
1:17 of 1st period - Derick Brassard wins face-off versus David Krejci in Carolina Hurricanes zone.
1:26 of 1st period - Snap shot by Derick Brassard.
1:26 of 1st period - Shot Misses the Net.
2:29 of 1st period - Icing by Matt Benning.
2:30 of 1st period - Jordan Staal wins face-off versus Nick Suzuki in Montreal Canadiens zone.
2:37 of 1st period - Stefan Noesen is hit by Josh Anderson and loses puck.
2:48 of 1st period - Wrist shot by Stefan Noesen.
2:48 of 1st period - Deflect By Nick Suzuki.
2:48 of 1st period - Stopped by Sam Montembeault without a rebound.
2:49 of 1st period - Kirby Dach wins face-off versus David Krejci in Montreal Canadiens zone.
3:56 of 1st period - Snap shot by Nick Suzuki.
3:56 of 1st period - Stopped by Frederik Andersen with a rebound.
3:58 of 1st period - Slapshot by Kaiden Guhle.
3:58 of 1st period - Stopped by Frederik Andersen without a rebound.
3:59 of 1st period - Kirby Dach wins face-off versus Sebastian C Aho in Carolina Hurricanes zone.
4:04 of 1st period - Backhand shot by Cole Caufield.
4:04 of 1st period - Deflect By Kirby Dach.
4:04 of 1st period - Shot Blocked by Will Borgen.
4:04 of 1st period - Puck is out of play.
4:05 of 1st period - Andrei Svechnikov wins face-off versus Kirby Dach in Carolina Hurricanes zone.
4:10 of 1st period - Snap shot by Alex Tuch.
4:10 of 1st period - Stopped by Sam Montembeault with a rebound.
4:38 of 1st period - Jesperi Kotkaniemi is hit by David Savard and loses puck.
5:33 of 1st period - Snap shot by Martin Necas.
5:33 of 1st period - Shot Blocked by Vladislav Namestnikov.
6:07 of 1st period - Snap shot by Alex Tuch.
6:07 of 1st period - Stopped by Sam Montembeault with a rebound.
6:11 of 1st period - Snap shot by Sebastian C Aho.
6:11 of 1st period - Shot Blocked by Kirby Dach.
6:13 of 1st period - Snap shot by Alex Tuch.
6:13 of 1st period - Deflect By Andrei Svechnikov.
6:13 of 1st period - Deflect By Johnathan Kovacevic.
6:13 of 1st period - Stopped by Sam Montembeault without a rebound.
6:14 of 1st period - Sebastian C Aho wins face-off versus Nick Suzuki in Montreal Canadiens zone.
6:48 of 1st period - Snap shot by Andrei Svechnikov.
6:48 of 1st period - Shot Blocked by David Savard.
6:50 of 1st period - Snap shot by Alex Tuch.
6:50 of 1st period - Stopped by Sam Montembeault without a rebound.
6:51 of 1st period - Kirby Dach wins face-off versus David Krejci in Montreal Canadiens zone.
6:51 of 1st period - Kirby Dach is hit by Teuvo Teravainen.
7:07 of 1st period - Wrist shot by Kirby Dach.
7:07 of 1st period - Stopped by Frederik Andersen with a rebound.
7:16 of 1st period - Icing by Martin Necas.
7:17 of 1st period - Jesperi Kotkaniemi wins face-off versus Derick Brassard in Carolina Hurricanes zone.
7:24 of 1st period - Wrist shot by Eeli Tolvanen.
7:24 of 1st period - Shot Misses the Net.
7:50 of 1st period - Wrist shot by Sean Monahan.
7:50 of 1st period - Shot Misses the Net.
7:52 of 1st period - Wrist shot by Nick Suzuki.
7:52 of 1st period - Shot Blocked by Brent Burns.
7:54 of 1st period - Slapshot by Alexander Edler.
7:54 of 1st period - Deflect By Andrei Svechnikov.
7:54 of 1st period - Stopped by Frederik Andersen with a rebound.
7:56 of 1st period - Snap shot by Matt Benning.
7:56 of 1st period - Stopped by Frederik Andersen without a rebound.
7:57 of 1st period - Teuvo Teravainen wins face-off versus Kirby Dach in Carolina Hurricanes zone.
8:12 of 1st period - Slapshot by Martin Necas.
8:12 of 1st period - Shot Misses the Net.
8:24 of 1st period - Kirby Dach is hit by Dmitry Orlov and loses puck.
8:31 of 1st period - Snap shot by Jesperi Kotkaniemi.
8:31 of 1st period - Shot Blocked by David Savard.
8:47 of 1st period - Alex Tuch is hit by Nick Suzuki.
8:51 of 1st period - Alex Tuch is hit by David Savard and loses puck.
9:30 of 1st period - Slapshot by Brent Burns.
9:30 of 1st period - Stopped by Sam Montembeault with a rebound.
9:32 of 1st period - Snap shot by Martin Necas.
9:32 of 1st period - Shot Blocked by Nick Suzuki.
9:34 of 1st period - Wrist shot by Teuvo Teravainen.
9:34 of 1st period - Deflect By Martin Necas.
9:34 of 1st period - Stopped by Sam Montembeault with a rebound.
9:36 of 1st period - Slapshot by David Krejci.
9:36 of 1st period - Shot Misses the Net.
9:38 of 1st period - Slapshot by Brent Burns.
9:38 of 1st period - Stopped by Sam Montembeault without a rebound.
9:39 of 1st period - Sebastian C Aho wins face-off versus Derick Brassard in Montreal Canadiens zone.
9:40 of 1st period - Backhand shot by Andrei Svechnikov.
9:40 of 1st period - Stopped by Sam Montembeault with a rebound.
9:42 of 1st period - Slapshot by Kevin Shattenkirk.
9:42 of 1st period - Shot Blocked by Matt Benning.
9:44 of 1st period - Slapshot by Kevin Shattenkirk.
9:44 of 1st period - Stopped by Sam Montembeault with a rebound.
10:06 of 1st period - Martin Necas is hit by Kirby Dach and loses puck.
10:41 of 1st period - Slapshot by Eeli Tolvanen.
10:41 of 1st period - Shot Misses the Net.
10:57 of 1st period - Snap shot by Eeli Tolvanen.
10:57 of 1st period - Stopped by Sam Montembeault with a rebound.
11:13 of 1st period - Snap shot by Kirby Dach.
11:13 of 1st period - Shot Misses the Net.
11:15 of 1st period - Snap shot by Kirby Dach.
11:15 of 1st period - Shot Misses the Net.
11:27 of 1st period - Wrist shot by Stefan Noesen.
11:27 of 1st period - Shot Misses the Net.
13:16 of 1st period - Off-side.
13:17 of 1st period - Jesperi Kotkaniemi wins face-off versus Josh Bailey in neutral zone.
13:42 of 1st period - Wrist shot by Seth Jarvis.
13:42 of 1st period - Shot Blocked by Matt Benning.
14:04 of 1st period - Wrist shot by Rafael Harvey-Pinard.
14:04 of 1st period - Stopped by Frederik Andersen without a rebound.
14:05 of 1st period - David Krejci wins face-off versus Nick Suzuki in Carolina Hurricanes zone.
14:07 of 1st period - Icing by Martin Necas.
14:08 of 1st period - Nick Suzuki wins face-off versus David Krejci in Carolina Hurricanes zone.
14:11 of 1st period - Slapshot by Sean Monahan.
14:11 of 1st period - Shot Misses the Net.
14:37 of 1st period - Snap shot by Jordan Martinook.
14:37 of 1st period - Shot Misses the Net.
14:43 of 1st period - Snap shot by Sean Monahan.
14:43 of 1st period - Shot Misses the Net.
15:41 of 1st period - Snap shot by Martin Necas.
15:41 of 1st period - Stopped by Sam Montembeault without a rebound.
15:42 of 1st period - David Krejci wins face-off versus Kirby Dach in Montreal Canadiens zone.
15:57 of 1st period - Slapshot by David Krejci.
15:57 of 1st period - Shot Misses the Net.
15:59 of 1st period - Snap shot by David Krejci.
15:59 of 1st period - Goal by David Krejci - Montreal Canadiens : 0 - Carolina Hurricanes : 1.
16:00 of 1st period - Nick Suzuki wins face-off versus Sebastian C Aho in neutral zone.
16:34 of 1st period - Wrist shot by Martin Necas.
16:34 of 1st period - Shot Misses the Net.
16:39 of 1st period - Off-side.
16:40 of 1st period - Sebastian C Aho wins face-off versus Kirby Dach in neutral zone.
17:47 of 1st period - Wrist shot by Seth Jarvis.
17:47 of 1st period - Shot Misses the Net.
18:03 of 1st period - Slapshot by Jordan Martinook.
18:03 of 1st period - Stopped by Sam Montembeault without a rebound.
18:04 of 1st period - Jordan Staal wins face-off versus Kirby Dach in Montreal Canadiens zone.
18:07 of 1st period - Slapshot by Brady Skjei.
18:07 of 1st period - Stopped by Sam Montembeault with a rebound.
18:25 of 1st period - Slapshot by Brent Burns.
18:25 of 1st period - Shot Misses the Net.
18:31 of 1st period - David Savard is hit by Jordan Staal and loses puck.
19:20 of 1st period - Wrist shot by Derick Brassard.
19:20 of 1st period - Shot Misses the Net.
19:22 of 1st period - Slapshot by Derick Brassard.
19:22 of 1st period - Shot Misses the Net.
19:24 of 1st period - Slapshot by Kaiden Guhle.
19:24 of 1st period - Shot Misses the Net.
19:26 of 1st period - Wrist shot by Rafael Harvey-Pinard.
19:26 of 1st period - Stopped by Frederik Andersen without a rebound.
19:27 of 1st period - David Krejci wins face-off versus Nick Suzuki in Carolina Hurricanes zone.
19:54 of 1st period - Kirby Dach is hit by Will Borgen and loses puck.
Goals for this period are 0 for Montreal Canadiens vs 1 for Carolina Hurricanes.
Shots for this period are 9 for Montreal Canadiens vs 16 for Carolina Hurricanes.

2nd period


0:01 of 2nd period - Nick Suzuki wins face-off versus David Krejci in neutral zone.
0:26 of 2nd period - Andrei Svechnikov is hit by Matt Benning and loses puck.
1:11 of 2nd period - Wrist shot by Martin Necas.
1:11 of 2nd period - Stopped by Sam Montembeault with a rebound.
1:15 of 2nd period - Wrist shot by Teuvo Teravainen.
1:15 of 2nd period - Deflect By David Krejci.
1:15 of 2nd period - Stopped by Sam Montembeault without a rebound.
1:16 of 2nd period - Sebastian C Aho wins face-off versus Kirby Dach in Montreal Canadiens zone.
1:25 of 2nd period - Slapshot by Sebastian C Aho.
1:25 of 2nd period - Stopped by Sam Montembeault with a rebound.
1:27 of 2nd period - Snap shot by Alex Tuch.
1:27 of 2nd period - Shot Blocked by Cole Caufield.
1:29 of 2nd period - Slapshot by Brady Skjei.
1:29 of 2nd period - Stopped by Sam Montembeault without a rebound.
1:30 of 2nd period - David Krejci wins face-off versus Nick Suzuki in Montreal Canadiens zone.
1:57 of 2nd period - Alex Tuch is hit by Matt Benning and loses puck.
2:47 of 2nd period - Wrist shot by Martin Necas.
2:47 of 2nd period - Shot Blocked by David Savard.
2:53 of 2nd period - Snap shot by David Krejci.
2:53 of 2nd period - Shot Misses the Net.
3:08 of 2nd period - Minor Penalty to Dmitry Orlov for Hooking.
3:09 of 2nd period - Sean Monahan wins face-off versus David Krejci in Carolina Hurricanes zone.
3:15 of 2nd period - Snap shot by Derick Brassard.
3:15 of 2nd period - Shot Blocked by Brent Burns.
3:17 of 2nd period - Snap shot by Sean Monahan.
3:17 of 2nd period - Stopped by Frederik Andersen with a rebound.
3:19 of 2nd period - Wrist shot by Sean Monahan.
3:19 of 2nd period - Deflect By Brent Burns.
3:19 of 2nd period - Shot Misses the Net.
3:19 of 2nd period - Puck is out of play.
3:20 of 2nd period - Sean Monahan wins face-off versus David Krejci in Carolina Hurricanes zone.
3:53 of 2nd period - Alex Newhook is hit by Will Borgen and loses puck.
5:08 of 2nd period - Penalty to Dmitry Orlov is over, Dmitry Orlov is back on ice.
5:48 of 2nd period - Kirby Dach is hit by David Krejci and loses puck.
6:17 of 2nd period - Slapshot by Jesperi Kotkaniemi.
6:17 of 2nd period - Shot Hit the Post.
6:19 of 2nd period - Snap shot by Eeli Tolvanen.
6:19 of 2nd period - Deflect By Jesperi Kotkaniemi.
6:19 of 2nd period - Stopped by Sam Montembeault without a rebound.
6:20 of 2nd period - Derick Brassard wins face-off versus Jesperi Kotkaniemi in Montreal Canadiens zone.
6:51 of 2nd period - Wrist shot by Rafael Harvey-Pinard.
6:51 of 2nd period - Goal by Rafael Harvey-Pinard - Montreal Canadiens : 1 - Carolina Hurricanes : 1.
6:52 of 2nd period - Nick Suzuki wins face-off versus Sebastian C Aho in neutral zone.
7:03 of 2nd period - Slapshot by Mike Matheson.
7:03 of 2nd period - Stopped by Frederik Andersen with a rebound.
7:05 of 2nd period - Slapshot by Mike Matheson.
7:05 of 2nd period - Deflect By Nick Suzuki.
7:05 of 2nd period - Stopped by Frederik Andersen with a rebound.
7:07 of 2nd period - Wrist shot by David Savard.
7:07 of 2nd period - Deflect By Nick Suzuki.
7:07 of 2nd period - Shot Misses the Net.
7:07 of 2nd period - Puck is out of play.
7:08 of 2nd period - David Krejci wins face-off versus Kirby Dach in Carolina Hurricanes zone.
7:21 of 2nd period - Snap shot by Cole Caufield.
7:21 of 2nd period - Shot Blocked by Kevin Shattenkirk.
7:48 of 2nd period - Martin Necas is hit by Nick Suzuki and loses puck.
9:24 of 2nd period - Seth Jarvis is hit by Nick Suzuki and loses puck.
9:37 of 2nd period - Alexander Edler is hit by Jordan Martinook and loses puck.
9:44 of 2nd period - Jordan Staal is hit by Alexander Edler.
9:51 of 2nd period - Icing by Stefan Noesen.
9:52 of 2nd period - Sebastian C Aho wins face-off versus Rafael Harvey-Pinard in Carolina Hurricanes zone.
9:52 of 2nd period - Sebastian C Aho is hit by Johnathan Kovacevic.
10:00 of 2nd period - Johnathan Kovacevic is hit by Andrei Svechnikov and loses puck.
10:09 of 2nd period - Snap shot by Sebastian C Aho.
10:09 of 2nd period - Stopped by Sam Montembeault without a rebound.
10:10 of 2nd period - David Krejci wins face-off versus Nick Suzuki in Montreal Canadiens zone.
10:11 of 2nd period - Wrist shot by Martin Necas.
10:11 of 2nd period - Shot Blocked by Josh Anderson.
10:25 of 2nd period - Wrist shot by Sean Monahan.
10:25 of 2nd period - Stopped by Frederik Andersen with a rebound.
10:37 of 2nd period - Alex Tuch is hit by Cole Caufield and loses puck.
11:26 of 2nd period - Wrist shot by Nick Suzuki.
11:26 of 2nd period - Shot Misses the Net.
11:28 of 2nd period - Slapshot by Matt Benning.
11:28 of 2nd period - Deflect By Sean Monahan.
11:28 of 2nd period - Stopped by Frederik Andersen with a rebound.
11:46 of 2nd period - Snap shot by Cole Caufield.
11:46 of 2nd period - Stopped by Frederik Andersen with a rebound.
12:14 of 2nd period - David Savard is hit by Seth Jarvis and loses puck.
12:28 of 2nd period - Snap shot by Seth Jarvis.
12:28 of 2nd period - Stopped by Sam Montembeault without a rebound.
12:29 of 2nd period - Kirby Dach wins face-off versus David Krejci in Montreal Canadiens zone.
12:40 of 2nd period - Cole Caufield is hit by Teuvo Teravainen and loses puck.
13:11 of 2nd period - Minor Penalty to Andrei Svechnikov for Hooking.
13:12 of 2nd period - Sean Monahan wins face-off versus David Krejci in Carolina Hurricanes zone.
13:12 of 2nd period - Slapshot by Mike Matheson.
13:12 of 2nd period - Stopped by Frederik Andersen with a rebound.
13:16 of 2nd period - Snap shot by Derick Brassard.
13:16 of 2nd period - Goal by Derick Brassard - Montreal Canadiens : 2 - Carolina Hurricanes : 1.
13:17 of 2nd period - Sean Monahan wins face-off versus Teuvo Teravainen in neutral zone.
13:34 of 2nd period - Wrist shot by Teuvo Teravainen.
13:34 of 2nd period - Stopped by Sam Montembeault with a rebound.
13:36 of 2nd period - Minor Penalty to Nick Suzuki for Interference.
13:37 of 2nd period - Sebastian C Aho wins face-off versus Derick Brassard in Montreal Canadiens zone.
15:36 of 2nd period - Penalty to Nick Suzuki is over, Nick Suzuki is back on ice.
16:31 of 2nd period - Icing by Kevin Shattenkirk.
16:32 of 2nd period - Eeli Tolvanen wins face-off versus Derick Brassard in Carolina Hurricanes zone.
16:32 of 2nd period - Eeli Tolvanen is hit by Derick Brassard.
16:49 of 2nd period - Off-side.
16:50 of 2nd period - Nick Suzuki wins face-off versus Sebastian C Aho in neutral zone.
17:17 of 2nd period - Nick Suzuki is hit by Jesperi Kotkaniemi and loses puck.
18:24 of 2nd period - Backhand shot by Brent Burns.
18:24 of 2nd period - Shot Misses the Net.
18:30 of 2nd period - Snap shot by Martin Necas.
18:30 of 2nd period - Shot Misses the Net.
18:48 of 2nd period - Slapshot by Martin Necas.
18:48 of 2nd period - Shot Misses the Net.
18:52 of 2nd period - Snap shot by David Krejci.
18:52 of 2nd period - Deflect By Martin Necas.
18:52 of 2nd period - Shot Misses the Net.
18:52 of 2nd period - Puck is out of play.
18:53 of 2nd period - Kirby Dach wins face-off versus Sebastian C Aho in Montreal Canadiens zone.
18:53 of 2nd period - Cole Caufield is hit by Alex Tuch.
19:03 of 2nd period - Sebastian C Aho is hit by Alexander Edler and loses puck.
Goals for this period are 2 for Montreal Canadiens vs 0 for Carolina Hurricanes.
Shots for this period are 9 for Montreal Canadiens vs 8 for Carolina Hurricanes.

3rd period


0:01 of 3rd period - Nick Suzuki wins face-off versus Sebastian C Aho in neutral zone.
0:04 of 3rd period - Wrist shot by Matt Benning.
0:04 of 3rd period - Stopped by Frederik Andersen with a rebound.
0:06 of 3rd period - Slapshot by Matt Benning.
0:06 of 3rd period - Deflect By Nick Suzuki.
0:06 of 3rd period - Stopped by Frederik Andersen without a rebound.
0:07 of 3rd period - Sebastian C Aho wins face-off versus Josh Anderson in Carolina Hurricanes zone.
0:26 of 3rd period - Slapshot by Sean Monahan.
0:26 of 3rd period - Stopped by Frederik Andersen with a rebound.
0:28 of 3rd period - Slapshot by Nick Suzuki.
0:28 of 3rd period - Shot Blocked by Kevin Shattenkirk.
0:30 of 3rd period - Backhand shot by Alexander Edler.
0:30 of 3rd period - Stopped by Frederik Andersen without a rebound.
0:31 of 3rd period - David Krejci wins face-off versus Kirby Dach in Carolina Hurricanes zone.
0:33 of 3rd period - Minor Penalty to Will Borgen for Delaying the game.
0:34 of 3rd period - David Krejci wins face-off versus Sean Monahan in Carolina Hurricanes zone.
0:42 of 3rd period - Slapshot by Mike Matheson.
0:42 of 3rd period - Stopped by Frederik Andersen with a rebound.
0:44 of 3rd period - Wrist shot by Derick Brassard.
0:44 of 3rd period - Shot Misses the Net.
0:46 of 3rd period - Snap shot by Josh Anderson.
0:46 of 3rd period - Goal by Josh Anderson - Montreal Canadiens : 3 - Carolina Hurricanes : 1.
0:47 of 3rd period - Nick Suzuki wins face-off versus Sebastian C Aho in neutral zone.
0:58 of 3rd period - Snap shot by Nick Suzuki.
0:58 of 3rd period - Stopped by Frederik Andersen without a rebound.
0:59 of 3rd period - Nick Suzuki wins face-off versus David Krejci in Carolina Hurricanes zone.
1:15 of 3rd period - Off-side.
1:16 of 3rd period - Sebastian C Aho wins face-off versus Cole Caufield in neutral zone.
1:23 of 3rd period - Snap shot by Andrei Svechnikov.
1:23 of 3rd period - Stopped by Sam Montembeault with a rebound.
1:33 of 3rd period - Andrei Svechnikov is hit by Alex Newhook and loses puck.
2:09 of 3rd period - Wrist shot by Rafael Harvey-Pinard.
2:09 of 3rd period - Deflect By Josh Bailey.
2:09 of 3rd period - Shot Blocked by Will Borgen.
2:09 of 3rd period - Puck is out of play.
2:10 of 3rd period - Kirby Dach wins face-off versus Jesperi Kotkaniemi in Carolina Hurricanes zone.
2:14 of 3rd period - Minor Penalty to Kevin Shattenkirk for Delaying the game.
2:15 of 3rd period - David Krejci wins face-off versus Sean Monahan in Carolina Hurricanes zone.
2:23 of 3rd period - Derick Brassard is hit by David Krejci and loses puck.
2:30 of 3rd period - Wrist shot by David Krejci.
2:30 of 3rd period - Stopped by Sam Montembeault without a rebound.
2:31 of 3rd period - Sean Monahan wins face-off versus David Krejci in Montreal Canadiens zone.
2:38 of 3rd period - Slapshot by Mike Matheson.
2:38 of 3rd period - Stopped by Frederik Andersen with a rebound.
2:42 of 3rd period - Wrist shot by Sean Monahan.
2:42 of 3rd period - Stopped by Frederik Andersen with a rebound.
4:14 of 3rd period - Penalty to Kevin Shattenkirk is over, Kevin Shattenkirk is back on ice.
4:19 of 3rd period - Seth Jarvis is hit by Alexander Edler and loses puck.
4:26 of 3rd period - Wrist shot by Vladislav Namestnikov.
4:26 of 3rd period - Stopped by Frederik Andersen without a rebound.
4:27 of 3rd period - Jesperi Kotkaniemi wins face-off versus Vladislav Namestnikov in Carolina Hurricanes zone.
4:27 of 3rd period - Jesperi Kotkaniemi is hit by Kaiden Guhle.
4:51 of 3rd period - Slapshot by Josh Bailey.
4:51 of 3rd period - Goal by Josh Bailey - Montreal Canadiens : 4 - Carolina Hurricanes : 1.
4:52 of 3rd period - Nick Suzuki wins face-off versus Sebastian C Aho in neutral zone.
5:03 of 3rd period - Snap shot by Josh Anderson.
5:03 of 3rd period - Stopped by Frederik Andersen without a rebound.
5:04 of 3rd period - David Krejci wins face-off versus Nick Suzuki in Carolina Hurricanes zone.
5:21 of 3rd period - David Krejci is hit by Sean Monahan and loses puck.
5:38 of 3rd period - Alexander Edler is hit by Brent Burns and loses puck.
6:04 of 3rd period - Minor Penalty to Brady Skjei for High sticking.
6:05 of 3rd period - David Krejci wins face-off versus Sean Monahan in Carolina Hurricanes zone.
6:12 of 3rd period - Icing by Sean Monahan.
6:13 of 3rd period - David Krejci wins face-off versus Sean Monahan in Montreal Canadiens zone.
6:53 of 3rd period - Wrist shot by Cole Caufield.
6:53 of 3rd period - Stopped by Frederik Andersen with a rebound.
8:04 of 3rd period - Penalty to Brady Skjei is over, Brady Skjei is back on ice.
8:12 of 3rd period - Jesperi Kotkaniemi is hit by Joel Armia and loses puck.
8:17 of 3rd period - Wrist shot by Nick Suzuki.
8:17 of 3rd period - Stopped by Frederik Andersen without a rebound.
8:18 of 3rd period - Vladislav Namestnikov wins face-off versus Jesperi Kotkaniemi in Carolina Hurricanes zone.
8:31 of 3rd period - Snap shot by Vladislav Namestnikov.
8:31 of 3rd period - Shot Misses the Net.
8:41 of 3rd period - Minor Penalty to Jesperi Kotkaniemi for Interference.
8:42 of 3rd period - David Krejci wins face-off versus Josh Anderson in Carolina Hurricanes zone.
8:53 of 3rd period - Snap shot by Sean Monahan.
8:53 of 3rd period - Goal by Sean Monahan - Montreal Canadiens : 5 - Carolina Hurricanes : 1.
8:54 of 3rd period - Nick Suzuki wins face-off versus Sebastian C Aho in neutral zone.
9:04 of 3rd period - Snap shot by Alex Tuch.
9:04 of 3rd period - Stopped by Sam Montembeault with a rebound.
11:10 of 3rd period - Off-side.
11:11 of 3rd period - Sebastian C Aho wins face-off versus Kirby Dach in neutral zone.
11:14 of 3rd period - Slapshot by Andrei Svechnikov.
11:14 of 3rd period - Shot Misses the Net.
11:37 of 3rd period - Josh Anderson is hit by Kevin Shattenkirk.
11:41 of 3rd period - Snap shot by Sean Monahan.
11:41 of 3rd period - Stopped by Frederik Andersen with a rebound.
11:43 of 3rd period - Minor Penalty to Martin Necas for Slashing.
11:44 of 3rd period - Sean Monahan wins face-off versus David Krejci in Carolina Hurricanes zone.
11:49 of 3rd period - Slapshot by Matt Benning.
11:49 of 3rd period - Shot Blocked by David Krejci.
11:57 of 3rd period - Wrist shot by Derick Brassard.
11:57 of 3rd period - Shot Misses the Net.
11:59 of 3rd period - Snap shot by Sean Monahan.
11:59 of 3rd period - Shot Misses the Net.
12:01 of 3rd period - Slapshot by Matt Benning.
12:01 of 3rd period - Shot Misses the Net.
12:36 of 3rd period - Wrist shot by Jordan Martinook.
12:36 of 3rd period - Stopped by Sam Montembeault without a rebound.
12:37 of 3rd period - David Krejci wins face-off versus Sean Monahan in Montreal Canadiens zone.
13:10 of 3rd period - Sebastian C Aho is hit by Kirby Dach and loses puck.
13:43 of 3rd period - Penalty to Martin Necas is over, Martin Necas is back on ice.
14:27 of 3rd period - Snap shot by Stefan Noesen.
14:27 of 3rd period - Stopped by Sam Montembeault without a rebound.
14:28 of 3rd period - Kirby Dach wins face-off versus Martin Necas in Montreal Canadiens zone.
14:44 of 3rd period - Minor Penalty to Brent Burns for Tripping.
14:45 of 3rd period - Sean Monahan wins face-off versus David Krejci in Carolina Hurricanes zone.
15:17 of 3rd period - Slapshot by Cole Caufield.
15:17 of 3rd period - Goal by Cole Caufield - Montreal Canadiens : 6 - Carolina Hurricanes : 1.
15:18 of 3rd period - Sebastian C Aho wins face-off versus Nick Suzuki in neutral zone.
15:33 of 3rd period - Slapshot by Alex Tuch.
15:33 of 3rd period - Shot Blocked by Nick Suzuki.
15:35 of 3rd period - Slapshot by Alex Tuch.
15:35 of 3rd period - Deflect By Sebastian C Aho.
15:35 of 3rd period - Shot Blocked by Matt Benning.
15:35 of 3rd period - Puck is out of play.
15:36 of 3rd period - David Krejci wins face-off versus Kirby Dach in Montreal Canadiens zone.
15:45 of 3rd period - Wrist shot by Cole Caufield.
15:45 of 3rd period - Shot Misses the Net.
16:34 of 3rd period - Wrist shot by Josh Bailey.
16:34 of 3rd period - Stopped by Frederik Andersen with a rebound.
16:36 of 3rd period - Snap shot by Matt Benning.
16:36 of 3rd period - Deflect By Derick Brassard.
16:36 of 3rd period - Stopped by Frederik Andersen with a rebound.
16:38 of 3rd period - Slapshot by Alexander Edler.
16:38 of 3rd period - Shot Blocked by Brady Skjei.
17:11 of 3rd period - Icing by Jordan Staal.
17:12 of 3rd period - Vladislav Namestnikov wins face-off versus David Krejci in Carolina Hurricanes zone.
17:17 of 3rd period - Wrist shot by Vladislav Namestnikov.
17:17 of 3rd period - Stopped by Frederik Andersen without a rebound.
17:18 of 3rd period - David Krejci wins face-off versus Vladislav Namestnikov in Carolina Hurricanes zone.
17:31 of 3rd period - Joel Armia is hit by Teuvo Teravainen and loses puck.
17:33 of 3rd period - Minor Penalty to Brent Burns for Slashing.
17:34 of 3rd period - Sean Monahan wins face-off versus David Krejci in Carolina Hurricanes zone.
17:41 of 3rd period - Snap shot by Sean Monahan.
17:41 of 3rd period - Shot Misses the Net.
17:43 of 3rd period - Snap shot by Derick Brassard.
17:43 of 3rd period - Shot Misses the Net.
17:45 of 3rd period - Slapshot by Josh Anderson.
17:45 of 3rd period - Shot Misses the Net.
18:03 of 3rd period - Slapshot by Mike Matheson.
18:03 of 3rd period - Shot Misses the Net.
18:05 of 3rd period - Snap shot by Kirby Dach.
18:05 of 3rd period - Stopped by Frederik Andersen without a rebound.
18:06 of 3rd period - Sebastian C Aho wins face-off versus Kirby Dach in Carolina Hurricanes zone.
18:12 of 3rd period - Icing by Alex Newhook.
18:13 of 3rd period - David Krejci wins face-off versus Kirby Dach in Montreal Canadiens zone.
18:16 of 3rd period - Snap shot by David Krejci.
18:16 of 3rd period - Stopped by Sam Montembeault without a rebound.
18:17 of 3rd period - Sean Monahan wins face-off versus Alex Tuch in Montreal Canadiens zone.
18:24 of 3rd period - Snap shot by Derick Brassard.
18:24 of 3rd period - Deflect By David Krejci.
18:24 of 3rd period - Stopped by Frederik Andersen with a rebound.
18:26 of 3rd period - Slapshot by David Savard.
18:26 of 3rd period - Stopped by Frederik Andersen with a rebound.
18:28 of 3rd period - Slapshot by Mike Matheson.
18:28 of 3rd period - Deflect By Alex Tuch.
18:28 of 3rd period - Stopped by Frederik Andersen with a rebound.
18:58 of 3rd period - Dmitry Orlov is hit by Alexander Edler and loses puck.
19:15 of 3rd period - Cole Caufield is hit by David Krejci and loses puck.
19:33 of 3rd period - Penalty to Brent Burns is over, Brent Burns is back on ice.
19:38 of 3rd period - Jesperi Kotkaniemi is hit by Vladislav Namestnikov and loses puck.
19:49 of 3rd period - Snap shot by Vladislav Namestnikov.
19:49 of 3rd period - Shot Misses the Net.
19:59 of 3rd period - Wrist shot by Rafael Harvey-Pinard.
19:59 of 3rd period - Deflect By Brent Burns.
19:59 of 3rd period - Shot Blocked by Brady Skjei.
19:59 of 3rd period - Puck is out of play.
Goals for this period are 4 for Montreal Canadiens vs 0 for Carolina Hurricanes.
Shots for this period are 24 for Montreal Canadiens vs 6 for Carolina Hurricanes.